AoeStats
← PUNISHER

Enclosed

504531825Analyzed
1v1 RM · 27d ago on Sep 5, 2026· 47m 25s· 2 players
Game mode
Random Map
Map size
Tiny (2 player)
Population
200
Speed
Normal
Resources
Standard
Victory
Conquest
Starting age
Dark Age
Ending age
Imperial Age
RankedLock teamsTeams togetherTeam positionsShared explorationLock speedFull tech treeHidden civsTurbo modeCheats
Victory
Defeat
🇮🇳 Persians · India
820
+16
🇹🇷 Cumans · Türkiye
816
-16
PUNISHER
3:07 Loom
11:56 Feudal Age
12:36 Town Watch
12:44 Double-Bit Axe
14:07 Gold Mining
15:46 Wheelbarrow
22:05 Horse Collar
23:14 Bloodlines
26:50 Castle Age
25:41 Stone Mining
26:53 Capped Ram
27:38 Fletching
28:01 Forging
28:05 Bow Saw
33:15 Pikeman
33:57 Squires
38:32 Hand Cart
39:30 Bodkin Arrow
43:01 Town Patrol
45:58 Ballistics
45:34 Murder Holes
Vikky_[_X_]_Martel
5:24 Loom
9:51 Feudal Age
10:39 Double-Bit Axe
16:24 Scale Barding Armor
20:40 Bloodlines
24:29 Castle Age
24:41 Scale Mail Armor
30:47 Chain Barding Armor
32:40 Wheelbarrow
37:11 Hand Cart
41:14 Imperial Age
40:01 Fletching
40:22 Gold Mining
40:27 Stone Mining
41:17 Cavalier
44:44 Bow Saw
45:39 Plate Barding Armor
Connection lost

Rejoining the realm…

Still unreachable

The connection could not be restored.

Session expired

The server has moved on; the page needs a fresh start.